 Dungeon Crawl Stone Soup version 0.16.1-30-g34a7ffa (webtiles) character file.

1207 Goblin1989 the Cleaver (level 8, -6/64 HPs)
             Began as a Minotaur Berserker on June 14, 2015.
             Was a Priest of Trog.
             Mangled by an orc warrior
             ... wielding a +0 trident
              (15 damage)
             ... on level 5 of the Dungeon.
             The game lasted 00:17:13 (4426 turns).

Goblin1989 the Cleaver (Minotaur Berserker)         Turns: 4426, Time: 00:17:14

Health: -6/64      AC:  8    Str: 24    XL:     8   Next: 21%
Magic:  3/3        EV:  8    Int:  4    God:    Trog [***...]
Gold:   285        SH:  0    Dex: 10    Spells: 0 memorised, 7 levels left

rFire  . . .     SeeInvis .     a - +0 hand axe
rCold  . . .     Clarity  .     o - +0 chain mail
rNeg   . . .     SustAb   .     (no shield)
rPois  +         Gourm    .     (helmet restricted)
rElec  .         Spirit   .     (no cloak)
rCorr  .         Warding  .     (no gloves)
rMut   .         Stasis   .     (no boots)
MR     ++...                    (no amulet)
Stlth  ..........               A - ring of poison resistance
                                D - +4 ring of slaying

@: regenerating, drained, very resistant to hostile enchantments, extremely
unstealthy
A: retaliatory headbutt, horns 2
a: Burn Spellbooks, Berserk, Trog's Hand, Renounce Religion


You were on level 5 of the Dungeon.
You worshipped Trog.
Trog was most pleased with you.
You were very hungry.

You visited 1 branch of the dungeon, and saw 6 of its levels.

You collected 285 gold pieces.

Inventory:

Hand weapons
 a - a +0 hand axe (weapon)
 s - a +1 flail of protection
Armour
 m - a +0 plate armour
 o - a +0 chain mail (worn)
Jewellery
 A - a ring of poison resistance (right hand)
 D - a +4 ring of slaying (left hand)
Magical devices
 l - a wand of fireball (3)
 x - a wand of digging (9)
 y - a wand of slowing (20)
 B - a wand of disintegration (13)
 C - a wand of magic darts (5)
Scrolls
 f - 2 scrolls of enchant weapon {unknown}
 h - 5 scrolls of identify
 i - a scroll of fear {unknown}
 k - a scroll of noise {unknown}
 n - a scroll of immolation {unknown}
 q - 2 scrolls of remove curse
 r - a scroll of enchant armour {unknown}
 t - a scroll of recharging {unknown}
 u - a scroll of magic mapping {unknown}
Potions
 d - 2 potions of cancellation {unknown}
 e - 2 potions of ambrosia {unknown}
 g - 8 potions of curing {unknown}
 j - 6 potions of agility {unknown}
 p - a potion of lignification {unknown}
 w - a potion of magic {unknown}
 z - a potion of restore abilities {unknown}
 E - 2 potions of might {unknown}
Comestibles
 b - 2 beef jerkies
 c - 6 bread rations


   Skills:
 - Level 3.6(3.3) Fighting
 + Level 12.0(11.7) Axes
 - Level 2.4(2.1) Armour
 - Level 2.1(1.9) Dodging


You had 7 spell levels left.
You didn't know any spells.

Dungeon Overview and Level Annotations

Branches:
Dungeon (6/15)             Temple (0/1) D:5

Altars:
Ashenzari

Shops:
D:5 }   D:6 *


Innate Abilities, Weirdness & Mutations

You reflexively headbutt those who attack you in melee.
You have a pair of horns on your head.


Message History

The orc hits you with a flail.
* * * LOW HITPOINT WARNING * * *
The orc throws a tomahawk.
The tomahawk hits you but does no damage.
The orc priest invokes the aid of Beogh against you.
Something smites you!
* * * LOW HITPOINT WARNING * * *
You see here a tomahawk.
Eat which item? (? for menu, Esc to quit)
Okay, then.
Drink which item? (? for menu, Esc to quit)
Okay, then.
Read which item? (? for menu, Esc to quit)
Okay, then.
Use which ability? (? or * to list)
Your skin crawls.
You feel resistant to hostile enchantments.
You feel slightly more hungry.
The orc warrior hits you from afar with a trident!
You die...

#.##############.# #.# #.# #.#
#.# #.# ######.# ##.## #.#
#......# #...# #.# #.###..#
###...### #.# #.#
#..###.......### #.####
#.###o.............# #....#
#...o..##..........#
####.########>##@##.##...##..#
#.........# #...#...##...##..#
#.##.####.# ####.#..###.###..#
#.##.# #.# #.#..# #...#..#
..##.# #.# #.#..# ###.#..#
####.# #.# #.#..# #.#..#
.....# ##.## #.#..# #.#..#
########...#####.#..# #.#..#
.................<..#####.#..#


You could see an orc warrior and an orc priest.

Vanquished Creatures
  Prince Ribbit (D:6)
  Edmund (D:6)
  Menkaure (D:4)
  A sky beast (D:5)
  An ogre (D:6)
  A giant frog (D:6)
  A crimson imp (D:5)
  4 hounds
  2 orc priests (D:5)
  4 worker ants
  An orc wizard (D:5)
  A hound skeleton (D:4)
  3 gnolls (D:6)
  2 adders (D:4)
  5 worms
  A giant gecko (D:2)
  2 oozes
  10 orcs
  3 ball pythons
  A bat zombie (D:5)
  4 giant cockroaches
  12 hobgoblins
  3 jackals (D:2)
  14 bats
  5 giant newts
  7 goblins
  4 kobolds
  A quokka (D:2)
  8 rats
104 creatures vanquished.

Notes
Turn   | Place    | Note
--------------------------------------------------------------
     0 | D:1      | Goblin1989, the Minotaur Berserker, began the quest for the Orb.
     0 | D:1      | Reached XP level 1. HP: 19/19 MP: 1/1
    15 | D:1      | Noticed an electric eel
   218 | D:1      | Reached skill level 4 in Axes
   290 | D:1      | Reached XP level 2. HP: 17/26 MP: 1/1
   869 | D:2      | Acquired Trog's second power
   918 | D:2      | Reached skill level 5 in Axes
   971 | D:2      | Reached XP level 3. HP: 25/31 MP: 2/2
  1564 | D:3      | Found a shattered altar of Ashenzari.
  1937 | D:3      | Reached XP level 4. HP: 32/39 MP: 2/2
  2141 | D:4      | Reached skill level 6 in Axes
  2378 | D:4      | Reached skill level 7 in Axes
  2378 | D:4      | Reached XP level 5. HP: 42/45 MP: 2/2
  2477 | D:4      | Noticed Menkaure
  2505 | D:4      | Killed Menkaure
  2505 | D:4      | Reached skill level 8 in Axes
  2505 | D:4      | Reached XP level 6. HP: 36/51 MP: 3/3
  2873 | D:4      | Reached skill level 9 in Axes
  2953 | D:5      | Entered Level 5 of the Dungeon
  3397 | D:5      | Reached XP level 7. HP: 52/57 MP: 3/3
  3431 | D:5      | Found a staircase to the Ecumenical Temple.
  3442 | D:5      | Found Allajin's Gadget Boutique.
  3861 | D:5      | Reached skill level 10 in Axes
  3991 | D:6      | Acquired Trog's third power
  3992 | D:6      | Noticed Edmund
  4011 | D:6      | Killed Edmund
  4028 | D:6      | Noticed Prince Ribbit
  4042 | D:6      | Reached skill level 11 in Axes
  4059 | D:6      | Killed Prince Ribbit
  4059 | D:6      | Reached XP level 8. HP: 42/64 MP: 3/3
  4180 | D:6      | Reached skill level 12 in Axes
  4246 | D:6      | Found Ysas' General Store.
  4426 | D:5      | Mangled by an orc warrior

Action                   |  1- 3 |  4- 6 |  7- 9 || total
-------------------------+-------+-------+-------++-------
Melee: Hand axe          |   114 |   135 |    91 ||   340
Invok: Trog's Hand       |       |     1 |     2 ||     3
       Berserk           |       |     1 |     1 ||     2
  Use: Scroll            |       |       |     3 ||     3
  Eat: Chunk             |     3 |     1 |     1 ||     5
       Bread ration      |       |     1 |       ||     1
       Fruit             |       |       |     2 ||     2
       Beef jerky        |       |       |     1 ||     1
